 Dungeon Crawl Stone Soup version 0.26-a0-958-gf3041fb45f (webtiles) character file.

Game seed: 6984068456914691616

899 lunkers the Reanimator (level 7, -1/58 HPs)
             Began as a Deep Dwarf Necromancer on Nov 30, 2020.
             Slain by a white imp (3 damage)
             ... on level 5 of the Dungeon.
             The game lasted 00:15:46 (8061 turns).

lunkers the Reanimator (Deep Dwarf Necromancer)     Turns: 8061, Time: 00:15:46

Health: -1/58      AC:  1    Str: 12    XL:     7   Next: 79%
Magic:  8/8        EV: 12    Int: 23    God:
Gold:   371        SH:  4    Dex: 13    Spells: 1/9 levels left

rFire    . . .     SeeInvis .   j - +3 dagger (venom)
rCold    . . .     Faith    .   d - +0 buckler
rNeg     . . .     Spirit   .   a - +0 robe
rPois    .         Reflect  .   (no helmet)
rElec    .         Harm     .   m - +0 cloak
rCorr    .         Rampage  .   r - +1 pair of gloves
MR       +....                  (no boots)
Stlth    ++........             (no amulet)
HPRegen  0.00/turn              b - +6 ring of intelligence
MPRegen  0.11/turn              s - -4 ring of protection (curse)

@: non-regenerating
A: damage resistance, heal wounds, sense surroundings 1, no regeneration
a: Heal Wounds


You were on level 5 of the Dungeon.
You visited 1 branch of the dungeon, and saw 5 of its levels.

You collected 371 gold pieces.

Inventory:

Hand Weapons
 h - a +1 dagger of draining
 j - a +3 dagger of venom (weapon)
Missiles
 k - 17 poisoned darts
Armour
 a - a +0 robe (worn)
 d - a +0 buckler (worn)
 m - a +0 cloak (worn)
 r - a +1 pair of gloves (worn)
Magical Staves
 e - an uncursed staff of conjuration
Jewellery
 b - a +6 ring of intelligence (left hand)
 s - a cursed -4 ring of protection (right hand)
Scrolls
 c - a scroll of magic mapping
 g - 4 scrolls of fog
 n - a scroll of fear
Potions
 f - a potion of magic
 i - 3 potions of curing
 l - a potion of cancellation
 o - a potion of resistance
 p - a potion of attraction {unknown}
 q - a potion of berserk rage {unknown}


   Skills:
 + Level 1.9 Fighting
 - Level 2.1 Dodging
 - Level 2.4 Stealth
 + Level 2.4 Shields
 - Level 1.7 Spellcasting
 + Level 9.9 Necromancy


You had one spell level left.
You knew the following spells:

 Your Spells              Type           Power        Failure   Level
a - Vampiric Draining     Necr           #####.....   1%          3
b - Pain                  Necr           ####         1%          1
c - Animate Dead          Necr           #####.....   2%          4

Your spell library contained the following spells:

 Spells                   Type           Power        Failure   Level
 Animate Skeleton         Necr           #####.       1%          1
 Magic Dart               Conj           #...         16%         1
 Agony                    Necr           #####...     7%          5
 Blink                    Tloc           N/A          24%         2
 Call Imp                 Summ           #.......     24%         2
 Slow                     Hex            #.......     24%         2
 Conjure Flame            Conj/Fire      #.......     43%         3
 Mephitic Cloud           Conj/Pois/Air  #.......     43%         3


Dungeon Overview and Level Annotations

Branches:
Dungeon (5/15)
 Temple: D:4-7

Altars:
Fedhas
Qazlal
Uskayaw
Vehumet


Innate Abilities, Weirdness & Mutations

You are resistant to damage.
You can heal yourself by infusing magical energy.
You passively map a small area around you.
You do not regenerate.


Message History

The white imp gestures at you. The puff of frost hits you!
* * * LOW HITPOINT WARNING * * *
There is an open door here.
There is a stone staircase leading up here.
You climb upwards.
There is a stone staircase leading down here.
You start resting.
Magic restored.
You climb downwards.
There is a stone staircase leading up here.
The white imp gestures at you. The puff of frost hits you!
* * * LOW HITPOINT WARNING * * *
There is an open door here.
You hit the white imp but do no damage.
The white imp is poisoned.
The white imp hits you.
* * * LOW HITPOINT WARNING * * *
The white imp freezes you.
You die...

#......... #......... ,
######## #.........
.......# #.........
.......# #......... ,
.......#########.........
.......#.......#..†...#*
.......#.......#5.....# ,
.......#......<#@.....#
.......#.......'......# ,
, .......#..##...#......#
##'######'##...##.....#
#...............#.....#,
#.........(.....#..<..# +
#...............#.....#,
, #....############.....#
#....# , , ,...#


You could see a white imp (poisoned).

Vanquished Creatures
  4 big kobolds (D:3)
  A wyvern zombie (D:4)
  A scorpion (D:4)
  3 orc priests
  2 iguanas
  An orc wizard (D:3)
  A worker ant (D:4)
  A killer bee zombie (D:4)
  8 gnolls (D:3)
  6 adders
  An ooze (D:4)
  3 worms
  4 dart slugs
  2 leopard geckos
  14 orcs
  2 ball pythons
  7 giant cockroaches
  29 goblins
  28 hobgoblins
  2 jackals (D:4)
  2 quokkas (D:3)
  5 bats
  6 frilled lizards
  8 kobolds
  10 rats
151 creatures vanquished.

Vanquished Creatures (others)
  2 plants (D:2)
2 creatures vanquished.

Grand Total: 153 creatures vanquished

Notes
Turn   | Place    | Note
-------+----------+-------------------------------------------
     0 | D:1      | lunkers the Deep Dwarf Necromancer began the quest for the
                  | Orb.
     0 | D:1      | Reached XP level 1. HP: 15/15 MP: 3/3
   288 | D:1      | Reached XP level 2. HP: 8/22 MP: 0/4
   296 | D:1      | Reached skill level 5 in Necromancy
  1197 | D:2      | Reached XP level 3. HP: 11/28 MP: 1/5
  1242 | D:1      | Learned a level 3 spell: Vampiric Draining
  1605 | D:2      | Found a blossoming altar of Fedhas.
  1802 | D:2      | Reached skill level 6 in Necromancy
  1903 | D:2      | Found a stormy altar of Qazlal.
  2164 | D:2      | Reached XP level 4. HP: 29/36 MP: 4/6
  2716 | D:3      | Found a radiant altar of Vehumet.
  3540 | D:3      | Reached skill level 7 in Necromancy
  3540 | D:3      | Reached XP level 5. HP: 19/42 MP: 0/7
  5157 | D:3      | Reached skill level 8 in Necromancy
  5190 | D:3      | Reached XP level 6. HP: 15/49 MP: 2/8
  5580 | D:3      | Reached skill level 9 in Necromancy
  5583 | D:3      | Reached XP level 7. HP: 35/55 MP: 0/9
  6019 | D:3      | Learned a level 4 spell: Animate Dead
  6963 | D:4      | Reached skill level 1 in Fighting
  6963 | D:4      | Reached skill level 1 in Shields
  7649 | D:4      | Found a hide-covered altar of Uskayaw.
  7854 | D:4      | HP: 1/57 [wyvern zombie (14)]
  7954 | D:5      | Entered Level 5 of the Dungeon
  8061 | D:5      | HP: 2/58 [white imp (1)]
  8061 | D:5      | Slain by a white imp

Illustrated notes

Levels and vault maps discovered:
D:1:      minmay_arrival_cross, layout_basic
D:2:      layout_loops_ring, nicolae_qazlal_general_emergency,
          fedhas_ov_isle_minmay, minmay_pentomino_x4
D:3:      minmay_goblin_kobold_castle, layout_loops_ring,
          overflow_temple_1_default
D:4:      layout_loops_corners, lemuel_statue_altar
D:5:      layout_gridville, uniq_crazy_yiuf_cottage

Skill      XL: |  1  2  3  4  5  6  7 |
---------------+----------------------+-----
Necromancy     | 5 6 7 8 9 |  9.9
Fighting       | 1 |  1.9
Shields        | 2 |  2.4
Dodging        | |  2.1
Stealth        | |  2.4
Spellcasting   | |  1.7

Action                   |  1- 3 |  4- 6 |  7- 9 || total
-------------------------+-------+-------+-------++-------
Melee: Short sword       |    17 |    18 |       ||    35
       Dagger            |       |   101 |    90 ||   191
       Staff             |       |       |     3 ||     3
 Cast: Pain              |    63 |    14 |       ||    77
       Vampiric Draining |     8 |    68 |    39 ||   115
 Abil: Heal Wounds       |       |       |     4 ||     4
  Use: Scroll            |       |    10 |     3 ||    13
       Potion            |       |       |     1 ||     1
 Stab: Sleeping          |       |     1 |       ||     1
Armor: Robe              |     7 |     7 |     2 ||    16
Dodge: Dodged            |    45 |    91 |    85 ||   221
Block: Buckler           |     8 |    26 |    28 ||    62

Table legend: (Time is in decaauts)
 A = Elapsed time spent in this place.
 B = Non-inter-level travel time spent in this place.
 C = Inter-level travel time spent in this place.
 D = Time resting spent in this place.
 E = Time spent auto-exploring this place.
 F = Levels seen in this place.
 G = Mean time per level.
                   A        B        C        D        E       F      G
               +--------+--------+--------+--------+--------+-----+--------+
         Total |   8093 |   7898 |    195 |    786 |   5376 |   5 | 1618.6 |
       Dungeon |   8093 |   7898 |    195 |    786 |   5376 |   5 | 1618.6 |
               +--------+--------+--------+--------+--------+-----+--------+

Top non-repeatable levels by time:
     D:3: 3575 daAuts
     D:2: 1625 daAuts
     D:1: 1426 daAuts
     D:4: 1409 daAuts
     D:5: 58 daAuts
